Map: Ruins of Endion

Players

Bails - Winner!

  • Race: Protoss Protoss
  • League: Grandmaster

Pokebunny

  • Race: Terran Terran
  • League: Grandmaster

VOD

Have the link to the VOD?

Description

Time

  • Played on: April 4, 2016, 3:20 p.m.
  • Length: 14:54
Show
View Real Time Build Order
Export as new Build Order

Bails Protoss - Winner!

Build Orders: 1 Gate Expand 

Get SALT Encoding   

  12  0:01  Probe (Chrono Boost)  
  13  0:11  Probe (Chrono Boost)  
  14  0:18  Pylon  
  14  0:22  Probe (Chrono Boost)  
  15  0:36  Gateway  
  15  0:37  Probe (Chrono Boost)  
  16  0:47  Probe (Chrono Boost)  
  16  0:48  Assimilator  
  17  0:58  Probe (Chrono Boost)  
  18  1:08  Probe (Chrono Boost)  
  19  1:19  Probe (Chrono Boost)  
  19  1:24  Nexus  
  20  1:36  Cybernetics Core  
  20  1:38  Probe (Chrono Boost)  
  21  1:48  Assimilator  
  21  1:49  Probe (Chrono Boost)  
  22  1:55  Pylon  
  22  2:00  Probe (Chrono Boost)  
  23  2:13  Adept  
  23  2:14  Mothership Core (Chrono Boost)  
  27  2:17  Warp Gate  
  27  2:32  Probe (Chrono Boost)  
  28  2:38  Probe (Chrono Boost)  
  28  2:43  Adept, Probe (Chrono Boost)  
  32  2:48  Robotics Facility  
  32  2:52  Probe (Chrono Boost)  
  32  2:54  Probe (Chrono Boost)  
  34  3:02  Probe (Chrono Boost)  
  34  3:04  Probe (Chrono Boost)  
  36  3:11  Pylon  
  35  3:13  Probe (Chrono Boost)  
  35  3:15  Probe (Chrono Boost)  
  35  3:16  Adept  
  39  3:23  Probe (Chrono Boost)  
  39  3:25  Probe (Chrono Boost)  
  41  3:34  Probe (Chrono Boost)  
  42  3:35  Robotics Bay  
  42  3:41  Warp Prism (Chrono Boost)  
  42  3:44  Probe  
  42  3:47  Adept  
  47  3:53  Pylon, Probe  
  48  3:57  Probe  
  48  4:02  Pylon  
  49  4:03  Probe  
  50  4:10  Probe  
  50  4:11  Pylon  
  50  4:13  Observer (Chrono Boost)  
  50  4:15  Probe  
  53  4:23  Probe  
  54  4:25  Probe  
  54  4:26  Stalker  
  57  4:34  Probe  
  57  4:36  Probe  
  62  4:45  Probe, Robotics Facility  
  58  4:46  Probe  
  59  4:52  Assimilator  
  59  4:56  Probe  
  59  4:57  Probe  
  59  4:58  Assimilator  
  59  5:01  Twilight Council  
  59  5:05  Gateway  
  59  5:06  Probe  
  59  5:07  Probe, Gateway  
  61  5:15  Stalker  
  61  5:17  Probe  
  61  5:18  Probe  
  63  5:27  Probe  
  63  5:30  Disruptor (Chrono Boost), Probe  
  63  5:32  Nexus  
  67  5:38  Probe  
  67  5:40  Blink (Chrono Boost)  
  67  5:42  Probe  
  69  5:46  Nexus  
  69  5:49  Pylon  
  69  5:53  Gravitic Drive  
  69  5:55  Probe  
  70  5:58  Disruptor, Probe  
  74  6:04  Pylon  
  74  6:07  Probe  
  75  6:13  Probe  
  71  6:18  Adept  
  71  6:19  Adept  
  71  6:21  Pylon  
  76  6:26  Dark Shrine  
  76  6:27  Gateway  
  76  6:29  Warp Prism  
  72  6:42  Adept  
  72  6:43  Adept x2  
  72  6:44  Pylon  
  76  6:52  Pylon  
  76  7:00  Immortal  
  70  7:11  Adept, Pylon  
  70  7:12  Adept x2  
  70  7:24  Probe  
  70  7:25  Probe  
  70  7:27  Probe  
  71  7:39  Dark Templar x2  
  71  7:41  Dark Templar  
  71  7:43  Probe  
  71  7:44  Probe  
  77  7:54  Probe  
  77  7:55  Probe  
  73  8:00  Pylon  
  73  8:06  Probe  
  73  8:07  Probe  
  73  8:10  Dark Templar  
  75  8:16  Stalker  
  75  8:19  Probe  
  74  8:20  Stalker x2  
  74  8:26  Probe  
  75  8:41  Resonating Glaives (Chrono Boost)  
  75  8:42  Pylon  
  75  8:44  Adept x3  
  79  9:01  Immortal (Chrono Boost)  
  83  9:12  Adept x4  
  91  9:21  Assimilator  
  91  9:22  Assimilator  
  89  9:26  Probe x2  
  95  9:38  Probe  
  90  9:46  Disruptor (Chrono Boost)  
  90  9:48  Stalker  
  91  9:53  Probe  
  91  9:59  Probe  
  87  10:12  Nexus  
  87  10:17  Disruptor (Chrono Boost)  
  87  10:19  Pylon  
  89  10:25  Stalker x3, Pylon  
  93  10:34  Dark Templar  
  89  10:39  Probe  
  89  10:40  Probe  
  84  10:59  Warp Prism (Chrono Boost)  
  84  11:02  Probe  
  81  11:10  Adept, Probe  
  75  11:15  Probe  
  71  11:26  Probe x2  
  71  11:27  Probe  
  74  11:35  Sentry  
  74  11:36  Probe x2  
  78  11:41  Probe  
  79  11:47  Probe x2  
  79  11:53  Probe  
  82  11:56  Disruptor (Chrono Boost)  
  82  11:57  Probe  
  82  11:58  Probe  
  87  12:05  Probe  
  87  12:08  Probe  
  88  12:09  Probe  
  87  12:17  Adept x4  
  95  12:22  Pylon  
  95  12:27  Disruptor (Chrono Boost)  
  98  12:36  Gateway  
  96  12:40  Assimilator  
  96  12:41  Probe  
  97  12:44  Probe  
  97  12:46  Probe  
  97  12:53  Probe  
  97  12:56  Adept x4  
  97  12:58  Disruptor (Chrono Boost)  
  105  13:01  Probe x2  
  106  13:13  Charge (Chrono Boost)  
  106  13:15  Gateway  
  106  13:17  Dark Templar  
  108  13:22  Dark Templar  
  108  13:24  Dark Templar  
  112  13:30  Disruptor (Chrono Boost)  
  115  13:37  Forge  
  100  13:48  Dark Templar  
  100  13:49  Dark Templar, Probe  
  105  13:56  Probe  
  102  14:02  Disruptor (Chrono Boost)  
  102  14:04  Probe x2  
  102  14:07  Pylon  
  102  14:08  Probe  
  102  14:09  Pylon  
  102  14:17  Stalker  
  102  14:18  Stalker  
  106  14:30  Stalker x3  
  112  14:35  Pylon  
  112  14:37  Dark Templar  
  115  14:47  Adept x2  
Show
View Real Time Build Order
Export as new Build Order

Pokebunny Terran 

Build Orders: Reaper Expand, Bio Tank 

Get SALT Encoding   

  12  0:01  SCV  
  13  0:13  SCV  
  14  0:17  Supply Depot  
  14  0:26  SCV  
  15  0:39  SCV  
  15  0:40  Barracks  
  16  0:44  Refinery  
  16  0:51  SCV  
  17  1:03  SCV  
  18  1:15  SCV  
  19  1:27  Orbital Command  
  19  1:28  Reaper  
  20  1:43  Command Center  
  20  1:53  SCV  
  21  1:55  Supply Depot  
  21  2:00  Marine  
  22  2:05  Factory  
  22  2:10  SCV  
  23  2:18  Marine  
  23  2:19  Refinery  
  23  2:22  SCV  
  25  2:39  Barracks Reactor  
  25  2:40  SCV  
  26  2:50  Hellion  
  28  2:52  Starport, SCV  
  28  2:57  Orbital Command  
  29  3:04  SCV  
  30  3:10  Widow Mine  
  32  3:15  Marine  
  32  3:16  Marine  
  32  3:17  SCV  
  35  3:21  Supply Depot  
  35  3:24  SCV  
  36  3:29  SCV, Medivac  
  36  3:33  Marine x2  
  41  3:40  Barracks  
  41  3:42  Factory Tech Lab  
  41  3:43  Barracks  
  41  3:45  SCV  
  42  3:51  SCV  
  42  3:52  Marine x2  
  45  3:58  SCV  
  45  3:59  Supply Depot  
  46  4:05  Siege Tank  
  49  4:10  Marine x2, SCV  
  49  4:11  SCV  
  53  4:20  Medivac  
  53  4:22  Supply Depot  
  55  4:42  Marine x2  
  55  4:43  Barracks Tech Lab  
  55  4:44  Barracks Reactor  
  54  4:56  Siege Tank  
  54  4:57  SCV x2  
  59  5:01  Refinery, Marine x2  
  59  5:02  Combat Shields, Marine  
  62  5:09  Barracks  
  62  5:13  Supply Depot x2  
  62  5:14  Barracks  
  62  5:23  Supply Depot  
  62  5:25  Marine x3  
  62  5:26  Marine x2  
  67  5:28  Siege Tank  
  70  5:43  Marine, Medivac  
  70  5:44  Marine  
  70  5:45  Marine x3  
  70  5:46  SCV x2  
  70  5:47  Supply Depot  
  79  5:58  SCV x2  
  79  6:00  Siege Tank, Supply Depot  
  79  6:02  Marine x2  
  79  6:03  Marine  
  87  6:08  Marine x2  
  89  6:18  Marine x2  
  83  6:20  Marine x2  
  83  6:21  Marine  
  88  6:29  Liberator  
  88  6:30  Marine x2  
  91  6:32  Siege Tank  
  91  6:36  Marine x2  
  89  6:49  Marine x2  
  89  6:50  Marine x3  
  89  6:51  Stimpack  
  89  6:54  Marine  
  94  6:59  Marine  
  96  7:07  Marine x2  
  98  7:12  Marine  
  98  7:13  Marine x2  
  98  7:14  Siege Tank  
  104  7:24  Marine  
  104  7:25  Marine x3  
  108  7:33  Marine  
  108  7:34  Marine  
  109  7:39  Command Center  
  109  7:45  Medivac  
  109  7:47  Siege Tank  
  102  7:51  Engineering Bay  
  70  8:14  Marine x4  
  72  8:22  Missile Turret  
  72  8:34  Missile Turret  
  69  8:37  SCV x2  
  71  8:50  Marine x4  
  71  8:51  Siege Tank, Marine, Medivac  
  71  8:52  Marine  
  71  8:54  Orbital Command, SCV x2  
  84  9:10  SCV x2  
  84  9:11  Marine x2  
  87  9:21  Marine x4  
  82  9:48  Siege Tank  
  82  9:49  Medivac  
  86  10:03  Marine x3  
  89  10:12  Marine x3, Marauder  
  94  10:21  Marine  
  94  10:28  Siege Tank, Marine x2  
  98  10:30  Marine  
  101  10:39  Marine x3  
  98  11:03  Marine x5, Marauder  
  85  11:09  SCV x2  
  75  11:13  Marine  
  66  11:34  SCV x3  
  66  11:36  Starport Reactor  
  66  11:37  Siege Tank  
  72  11:44  Marine x3  
  75  11:54  Marine x4  
  73  12:00  Orbital Command  
  68  12:08  Marine  
  68  12:09  Marine x2  
  68  12:12  Marauder  
  70  12:18  Siege Tank, Marine x3  
  76  12:26  Marine x2  
  75  12:30  Marine  
  75  12:34  Marauder  
  75  12:36  Marine x3  
  81  12:44  Marine x2  
  65  13:04  Marine x5, Marauder  
  65  13:05  Marine  
  73  13:06  SCV x3  
  76  13:15  Medivac x2  
  76  13:18  SCV x3  
  83  13:28  Marine x3  
  83  13:29  Marine x3  
  83  13:30  Marauder, SCV x3  
  79  13:46  Marine x3  
  71  13:51  Marauder  
  72  13:58  Marine x3  
  70  14:03  SCV x3  
  70  14:04  Marine  
  70  14:05  Marine x2, Missile Turret  
  74  14:15  Siege Tank  
  77  14:17  SCV x3  
  77  14:19  Refinery  
  80  14:32  Supply Depot  
Tags
 
Add a new tag
Caveats
  • Supply blocks, unpowered buildings, or Contaminate may cause inaccurate times.
  • Supply counts are checked every 10 seconds.